 Dungeon Crawl Stone Soup version 0.20-a0-454-g2b43fbb (webtiles) character file.

46 towersofbeng the Skirmisher (level 3, -3/29 HPs)
             Began as a Human Wanderer on Jan 8, 2017.
             Killed from afar by Blork the orc (7 damage)
             ... with a magic dart
             ... on level 4 of the Dungeon.
             The game lasted 00:06:57 (2295 turns).

towersofbeng the Skirmisher (Human Wanderer)        Turns: 2295, Time: 00:06:58

Health: -3/29      AC:  4    Str: 14    XL:     3   Next: 95%
Magic:  2/6        EV: 16    Int: 12    God:
Gold:   96         SH:  0    Dex: 16    Spells: 2/6 levels left

rFire  . . .     SeeInvis .     h - +1 dagger (protect)
rCold  . . .     Gourm    .     k - +0 leather armour
rNeg   . . .     Faith    .     (no shield)
rPois  .         Spirit   .     (no helmet)
rElec  .         Reflect  .     (no cloak)
rCorr  .         Harm     .     e - +0 pair of gloves
MR     .....                    (no boots)
Stlth  ++........               (no amulet)
                                (no ring)
                                (no ring)

@: agile, about to teleport, very slightly contaminated
A: no striking features
a: no special abilities


You were on level 4 of the Dungeon.
You were very hungry.

You visited 1 branch of the dungeon, and saw 4 of its levels.

You collected 96 gold pieces.

Inventory:

Hand Weapons
 a - a +2 spear
 h - a +1 dagger of protection (weapon)
Armour
 d - a +0 robe
 e - a +0 pair of gloves (worn)
 k - a +0 leather armour (worn)
Wands
 o - a wand of random effects (17/48)
Scrolls
 c - a scroll of teleportation
Books
 b - Dahu's Tome of Weightlessness

   Spells                             Type                      Level
   a - Shock                          Conjuration/Air              1
   b - Mephitic Cloud                 Conjuration/Poison/Air       3
Comestibles
 f - 2 bread rations
 j - a meat ration
 l - a beef jerky


   Skills:
 + Level 3.3 Fighting
 - Level 0.4 Polearms
 - Level 1.0 Throwing
 + Level 2.0 Armour
 + Level 0.4 Dodging
 + Level 0.2 Stealth
 + Level 2.4 Spellcasting
 * Level 1.1 Conjurations
   Level 1.0 Ice Magic
 * Level 1.3 Air Magic
 + Level 1.0 Evocations


You had 2 spell levels left.
You knew the following spells:

 Your Spells              Type           Power        Failure   Level  Hunger
a - Shock                 Conj/Air       #...         21%         1    ##.....
b - Mephitic Cloud        Conj/Pois/Air  #.......     80%         3    ####...


Dungeon Overview and Level Annotations

Branches:
Dungeon (4/15)
 Temple: D:4-7

Altars:

Annotations:
D:3 HallandMoats's ghost, amateur MiFi
D:4 Blork the orc


Message History

Blork the orc misses you.
Casting: Shock
Confirm with . or Enter, or press ? or * to list all spells.
Aiming: Shock
Press: ? - help, Shift-Dir - straight line, f/p - Blork the orc
Aim: Blork the orc, wielding a glaive and wearing a robe (lightly wounded, fast)
The zap hits Blork the orc.
Blork the orc is lightly wounded.
Blork the orc misses you.
You feel agile all of a sudden.
Blork the orc gestures at you while chanting.
The puff of flame misses you. Blork the orc barely misses you.
You are feeling very hungry.
As you read the scroll of teleportation, it crumbles to dust.
You feel strangely unstable.
Blork the orc hits you but does no damage.
Blork the orc points at you and mumbles some strange words.
The magic dart hits you!
You die...

#..............#.
##.......####..... ..
##...#...#####..#..
....###........)).......#
#.........##.#####.##o#
#####..............##.#
##...###.########.# #####
#.########.# #..@.o.....#
############


You could see Blork the orc.

Vanquished Creatures
  An adder (D:2)
  A dart slug (D:1)
  A leopard gecko (D:4)
  5 bats
  2 hobgoblins
  6 kobolds
  2 quokkas (D:2)
  2 frilled lizards
  9 goblins
  2 rats
31 creatures vanquished.

Notes
Turn   | Place    | Note
-------+----------+-------------------------------------------
     0 | D:1      | towersofbeng the Human Wanderer began the quest for the Orb.
     0 | D:1      | towersofbeng set off with: a +2 spear, Dahu's Tome of Weightlessness, a scroll of teleportation, a +0 robe, a bread ration
     0 | D:1      | Reached XP level 1. HP: 18/18 MP: 3/3
     0 | D:1      | Identified Dahu's Tome of Weightlessness
     2 | D:1      | Learned a level 1 spell: Shock
   227 | D:1      | Reached XP level 2. HP: 16/24 MP: 5/5
  1316 | D:2      | Reached XP level 3. HP: 29/29 MP: 4/6
  1324 | D:2      | Learned a level 3 spell: Mephitic Cloud
  1505 | D:2      | Reached skill level 1 in Air Magic
  1649 | D:2      | Reached skill level 1 in Conjurations
  2203 | D:3      | Noticed HallandMoats's ghost (amateur MiFi)
  2279 | D:4      | Noticed Blork the orc
  2295 | D:4      | Killed from afar by Blork the orc

Vault maps used:
D:1:      nagdon_arrival_zigzag_paths
D:2:      kennysheep_cross_room
D:3:      minmay_statues_item
D:4:      first_bread, kennysheep_path_1, nicolae_qazlal_general_emergency,
          uniq_blork_the_orc

Skill      XL: |  1  2  3 |
---------------+----------+-----
Air Magic      | 1 |  1.3
Conjurations   | 1 |  1.1
Fighting       | |  3.3
Polearms       | |  0.4
Throwing       | |  1.0
Armour         | |  2.0
Dodging        | |  0.4
Stealth        | |  0.2
Spellcasting   | |  2.4
Ice Magic      | |  1.0
Evocations     | |  1.0

Action                   || total
-------------------------++-------
Melee: Spear             ||    29
       Short sword       ||    72
 Cast: Shock             ||    50
  Use: Scroll            ||     4
       Potion            ||     3
  Eat: Chunk             ||     5
Armor: Robe              ||    19
       Leather armour    ||     9
Dodge: Dodged            ||    85
